 Dungeon Crawl Stone Soup version 0.27-a0-1099-g7f87ac42b0 (webtiles) character file.

Game seed: 3211439865489752190

347 Gaff the Magician (level 6, 0/46 HPs)
             Began as a Djinni Earth Elementalist on Apr 27, 2021.
             Slain by Grinder (9 damage)
             ... on level 3 of the Dungeon.
             The game lasted 00:09:52 (4020 turns).

Gaff the Magician (Djinni Earth Elementalist)       Turns: 4020, Time: 00:09:52

Health: 0/46       AC:  2    Str:  8    XL:     6   Next: 59%
Gold:   68         EV: 12    Int: 17    God:
                   SH:  0    Dex: 14

rFire    + + .     SeeInvis .   p - +6 scythe (venom)
rCold    x . .     Faith    .   (shield currently unavailable)
rNeg     . . .     Spirit   .   c - +0 robe
rPois    ∞         Reflect  .   (no helmet)
rElec    .         Harm     .   (no cloak)
rCorr    .         Rampage  .   (no gloves)
Will     .....                  (boots unavailable)
Stlth    ++........             (no amulet)
HPRegen  0.15/turn              f - ring of flight
MPRegen  0.00/turn              (no ring)

@: flying, very slightly contaminated
A: fire resistance 2, cold vulnerability 1, float, innate caster, hp casting,
extra vitality 1
a: no special abilities


You were on level 3 of the Dungeon.
You visited 1 branch of the dungeon, and saw 5 of its levels.

You collected 68 gold pieces.

Inventory:

Hand Weapons
 a - a +0 broad axe
 p - a +6 scythe of venom (weapon)
Missiles
 b - 43 stones
 o - a throwing net
Armour
 c - a +0 robe (worn)
 d - a +0 leather armour
 s - a +0 scale mail of fire resistance
Jewellery
 f - a ring of flight (left hand)
Wands
 n - a wand of iceblast (2)
 q - a wand of mindburst (17)
Scrolls
 h - 2 scrolls of amnesia
 i - a scroll of fog
 j - a scroll of magic mapping
 t - a scroll of immolation
Potions
 e - 2 potions of might {unknown}
 k - a potion of lignification {unknown}
 m - a potion of heal wounds {unknown}
 r - a potion of resistance


   Skills:
 + Level 3.0 Fighting
 - Level 0.1 Axes
 - Level 2.3 Dodging
 - Level 1.7 Stealth
 * Level 5.3 Spellcasting


You couldn't memorise any spells.
You knew the following spells:

 Your Spells              Type           Power      Damage    Failure   Level
a - Sandblast             Erth           44%        2d11      1%          1
b - Passwall              Tmut/Erth      18%        N/A       2%          2
c - Stone Arrow           Conj/Erth      44%        3d9       4%          3
d - Petrify               Tmut/Erth      22%        N/A       16%         4
e - Lee's Rapid Deconstr  Erth           11%        3d9*      41%         5
f - Beastly Appendage     Tmut           44%        N/A       1%          1
g - Ensorcelled Hibernat  Hex/Ice        44%        N/A       2%          2
Your spell library was empty.

Dungeon Overview and Level Annotations

Branches:
Dungeon (5/15)
 Temple: D:4-7

Altars:

Shops:
D:5 *

Annotations:
D:2 Terence
D:3 Grinder
D:4 Blork the orc


Innate Abilities, Weirdness & Mutations

You are immune to poison.
Your flesh is very heat resistant. (rF++)
You are vulnerable to cold. (rC-)
You float through the air rather than walking.
You learn spells naturally, not from books.
Your magical power is your life essence.
You have superior vitality. (+4 HP)


Message History

You resist with some effort.
Grinder blinks!
Casting: Sandblast (safe; 1% risk of failure)
Confirm with . or Enter, or press ? or * to list all spells.
The spell is quite dangerous to cast (16% risk of failure)!
Continue anyway?
Aiming: Petrify (quite dangerous; 16% risk of failure)
Press: ? - help, Shift-Dir - straight line, f - Grinder
Aim: Grinder (chance to affect: 51%)
You miscast Petrify.
You are very lightly contaminated with residual magic.
Nothing appears to happen.
* * * LOW HITPOINT WARNING * * *
Grinder hits you.
* * * LOW HITPOINT WARNING * * *
There is a stone staircase leading down here.
Casting: Petrify (quite dangerous; 16% risk of failure)
Confirm with . or Enter, or press ? or * to list all spells.
Okay, then.
Your magical contamination has completely faded away.
Casting: Petrify (quite dangerous; 16% risk of failure)
Confirm with . or Enter, or press ? or * to list all spells.
Aiming: Passwall (safe; 2% risk of failure)
Press: ? - help, Dir - move target, p - Grinder A rock wall.
This rock feels extremely deep.
* * * LOW HITPOINT WARNING * * *
Grinder gestures at you.
You struggle to resist.
Casting: Passwall (safe; 2% risk of failure)
Confirm with . or Enter, or press ? or * to list all spells.
The spell is quite dangerous to cast (16% risk of failure)!
Continue anyway?
Aiming: Petrify (quite dangerous; 16% risk of failure)
Press: ? - help, Shift-Dir - straight line, f - Grinder
Aim: Grinder (chance to affect: 51%)
You miscast Petrify.
You are very lightly contaminated with residual magic.
Nothing appears to happen.
* * * LOW HITPOINT WARNING * * *
Grinder hits you!
You die...

### ..# #.# #.#
#.# #.# #@# #5#
#.# #.# #.# #.#
#.################
#.>...........)..>
#################.


You could see Grinder.

Vanquished Creatures
  Sigmund (D:3)
  A howler monkey (D:4)
  A bullfrog zombie (D:5)
  Ijyb (D:3)
  3 adders
  2 worms (D:2)
  2 orcs (D:3)
  8 ball pythons
  5 endoplasms
  3 giant cockroaches
  3 hobgoblins
  8 jackals
  4 quokkas
  3 bats
  4 frilled lizards
  2 goblins (D:1)
  3 kobolds
  3 rats (D:1)
57 creatures vanquished.

Notes
Turn   | Place    | Note
-------+----------+-------------------------------------------
     0 | D:1      | Gaff the Djinni Earth Elementalist began the quest for the
                  | Orb.
     0 | D:1      | Reached XP level 1. HP: 15/15 MP: 0/0
   141 | D:1      | Reached skill level 3 in Spellcasting
   143 | D:1      | Reached XP level 2. HP: 10/21 MP: 0/0
   899 | D:1      | Reached XP level 3. HP: 24/25 MP: 0/0
   899 | D:1      | Learned a level 1 spell: Beastly Appendage
  1817 | D:2      | Noticed Terence
  2382 | D:3      | Reached XP level 4. HP: 29/31 MP: 0/0
  2391 | D:3      | You are sucked into a shaft and drop 2 floors!
  2391 | D:5      | Entered Level 5 of the Dungeon
  2400 | D:5      | Reached skill level 1 in Fighting
  2400 | D:5      | Reached skill level 4 in Spellcasting
  2664 | D:5      | Found Dicud's Assorted Antiques.
  2668 | D:5      | Noticed a scorpion
  2705 | D:4      | Noticed Blork the orc
  2706 | D:4      | Reached XP level 5. HP: 31/38 MP: 0/0
  2706 | D:4      | Learned a level 2 spell: Ensorcelled Hibernation
  3243 | D:3      | Noticed Sigmund
  3250 | D:3      | Killed Sigmund
  3251 | D:3      | Reached skill level 5 in Spellcasting
  3251 | D:3      | Reached XP level 6. HP: 26/45 MP: 0/0
  3464 | D:3      | Noticed Ijyb
  3469 | D:3      | Killed Ijyb
  3654 | D:3      | Noticed Grinder
  3658 | D:3      | Paralysed by Grinder for 3 turns
  3664 | D:3      | Paralysed by Grinder for 3 turns
  4020 | D:3      | Slain by Grinder

Illustrated notes

Levels and vault maps discovered:
D:1:      heliophobic_arrival_battle_scene, layout_basic
D:2:      layout_loops_ring, uniq_terence
D:3:      layout_basic, uniq_grinder, uniq_ijyb, uniq_sigmund
D:4:      layout_basic, uniq_blork_the_orc
D:5:      lemuel_castle_with_subvaults [lemuel_castle_interior_original],
          layout_layer_cave, minmay_temple_entry_drinking_statues, serial_shops,
          shop, uniq_menkaure, uniq_pikel

Skill      XL: |  1  2  3  4  5  6 |
---------------+-------------------+-----
Spellcasting   | 3 4 5 |  5.3
Fighting       | 1 2 3 |  3.0
Axes           | |  0.1
Dodging        | |  2.3
Stealth        | |  1.7

Action                   |  1- 3 |  4- 6 || total
-------------------------+-------+-------++-------
Melee: Broad axe         |    44 |    14 ||    58
       Scythe            |       |    12 ||    12
 Cast: Sandblast         |    36 |    14 ||    50
       Stone Arrow       |       |    10 ||    10
       Beastly Appendage |       |     1 ||     1
       Passwall          |       |     1 ||     1
  Use: Scroll            |       |     7 ||     7
 Stab: Sleeping          |     3 |       ||     3
Armor: Robe              |    23 |     5 ||    28
Dodge: Dodged            |    54 |    32 ||    86

Table legend: (Time is in decaauts)
 A = Elapsed time spent in this place.
 B = Non-inter-level travel time spent in this place.
 C = Inter-level travel time spent in this place.
 D = Time resting spent in this place.
 E = Time spent auto-exploring this place.
 F = Levels seen in this place.
 G = Mean time per level.
                   A        B        C        D        E       F      G
               +--------+--------+--------+--------+--------+-----+--------+
         Total |   4066 |   4004 |     62 |   1558 |   1687 |   5 |  813.2 |
       Dungeon |   4066 |   4004 |     62 |   1558 |   1687 |   5 |  813.2 |
               +--------+--------+--------+--------+--------+-----+--------+

Top non-repeatable levels by time:
     D:1: 1443 daAuts
     D:2: 1175 daAuts
     D:3: 652 daAuts
     D:4: 487 daAuts
     D:5: 308 daAuts
